Map: Lightshade LE

Players

Neeb

  • Race: Protoss Protoss

maru - Winner!

  • Race: Terran Terran

Event: ASUS ROG Fall 2021

VOD

Have the link to the VOD?

Description

Time

  • Played on: Sept. 17, 2021, 12:45 p.m.
  • Length: 16:20

All games in this series

Show
View Real Time Build Order
Export as new Build Order

Neeb Protoss 

Build Orders: 1 Gate Expand, Phoenix Opening, Carriers 

Get SALT Encoding   

  12  0:00  Probe  
  13  0:12  Probe  
  14  0:16  Pylon  
  14  0:24  Probe (Chrono Boost)  
  15  0:36  Gateway, Probe (Chrono Boost)  
  16  0:43  Probe (Chrono Boost)  
  16  0:45  Assimilator  
  17  0:51  Probe  
  18  1:03  Probe  
  19  1:15  Probe  
  20  1:23  Cybernetics Core  
  20  1:31  Nexus  
  20  1:37  Zealot (Chrono Boost)  
  22  1:43  Pylon  
  22  1:47  Probe  
  23  1:58  Assimilator  
  23  2:01  Stalker (Chrono Boost), Probe  
  26  2:14  Shield Battery, Probe  
  27  2:21  Stalker (Chrono Boost)  
  27  2:26  Probe  
  28  2:34  Shield Battery  
  28  2:41  Stalker (Chrono Boost)  
  28  2:43  Probe  
  31  2:49  Probe  
  32  2:59  Pylon  
  32  3:03  Stargate  
  32  3:07  Probe  
  33  3:13  Probe  
  33  3:16  Warp Gate  
  33  3:17  Shield Battery  
  33  3:19  Probe  
  35  3:24  Stalker  
  37  3:28  Probe  
  38  3:38  Probe  
  39  3:42  Pylon  
  39  3:43  Probe  
  39  3:50  Probe  
  40  3:57  Stalker  
  40  4:00  Phoenix (Chrono Boost)  
  41  4:04  Probe  
  41  4:05  Probe (Chrono Boost)  
  44  4:17  Probe (Chrono Boost)  
  44  4:19  Phoenix, Probe (Chrono Boost)  
  47  4:26  Probe (Chrono Boost)  
  47  4:27  Probe (Chrono Boost)  
  49  4:31  Probe (Chrono Boost)  
  49  4:33  Probe  
  49  4:37  Pylon  
  51  4:39  Assimilator  
  51  4:42  Assimilator  
  51  4:43  Phoenix, Probe  
  54  4:55  Robotics Facility, Probe (Chrono Boost)  
  54  4:58  Pylon  
  56  5:00  Probe (Chrono Boost)  
  56  5:06  Probe (Chrono Boost)  
  57  5:08  Phoenix  
  57  5:10  Probe (Chrono Boost)  
  57  5:11  Probe (Chrono Boost)  
  61  5:18  Pylon  
  61  5:20  Probe  
  62  5:21  Probe  
  63  5:32  Probe  
  63  5:33  Gateway, Phoenix  
  63  5:35  Pylon  
  66  5:52  Immortal (Chrono Boost)  
  66  5:54  Robotics Bay  
  70  5:58  Phoenix  
  70  6:02  Sentry  
  74  6:07  Shield Battery  
  74  6:08  Nexus  
  74  6:16  Shield Battery  
  74  6:18  Shield Battery  
  74  6:22  Immortal (Chrono Boost)  
  78  6:27  Phoenix  
  78  6:32  Stalker  
  82  6:35  Adept  
  82  6:36  Probe  
  85  6:40  Pylon  
  85  6:48  Pylon  
  85  6:50  Probe  
  86  6:55  Colossus (Chrono Boost)  
  86  7:00  Extended Thermal Lance  
  92  7:06  Adept  
  92  7:07  Adept  
  96  7:09  Probe x2  
  98  7:17  Phoenix  
  98  7:20  Pylon  
  98  7:21  Assimilator  
  100  7:31  Adept x2  
  104  7:42  Colossus  
  110  7:50  Probe  
  109  7:53  Pylon  
  109  7:56  Stalker x2  
  108  7:59  Phoenix  
  108  8:04  Probe x2  
  112  8:06  Shield Battery  
  112  8:07  Assimilator  
  110  8:19  Probe  
  107  8:24  Phoenix  
  99  8:32  Stalker x2  
  99  8:33  Probe  
  99  8:34  Probe  
  85  8:35  Colossus (Chrono Boost)  
  85  8:40  Probe  
  90  8:46  Probe  
  90  8:47  Probe  
  88  8:49  Phoenix  
  88  8:52  Probe  
  87  8:58  Probe  
  82  9:06  Probe  
  82  9:08  Pylon, Probe  
  84  9:12  Pylon  
  84  9:14  Stargate, Phoenix (Chrono Boost)  
  86  9:19  Colossus (Chrono Boost)  
  86  9:21  Sentry, Zealot  
  96  9:25  Forge  
  96  9:27  Pylon  
  96  9:32  Phoenix  
  98  9:52  Adept x2  
  102  9:57  Phoenix  
  102  9:58  Phoenix  
  106  10:02  Nexus  
  106  10:03  Pylon  
  106  10:05  Photon Cannon  
  106  10:06  Photon Cannon  
  106  10:12  Disruptor (Chrono Boost)  
  109  10:16  Zealot x2  
  113  10:28  Fleet Beacon  
  111  10:38  Protoss Air Weapons Level 1 (Chrono Boost)  
  111  10:39  Disruptor (Chrono Boost)  
  111  10:40  Probe x3  
  117  10:43  Photon Cannon  
  117  10:55  Probe  
  117  10:56  Probe  
  117  10:57  Phoenix x2, Probe  
  118  11:04  Assimilator  
  118  11:07  Disruptor (Chrono Boost)  
  118  11:08  Probe x2  
  118  11:09  Assimilator  
  123  11:12  Anion Pulse-Crystals (Chrono Boost)  
  123  11:19  Probe  
  123  11:22  Phoenix x2  
  128  11:28  Probe  
  127  11:33  Shield Battery, Disruptor (Chrono Boost)  
  127  11:35  Shield Battery  
  130  11:42  Zealot  
  130  11:44  Carrier x2 (Chrono Boost)  
  132  11:51  Zealot  
  146  11:54  Photon Cannon  
  146  11:57  Photon Cannon  
  146  11:58  Photon Cannon  
  146  12:01  Disruptor  
  146  12:05  Stargate  
  149  12:09  Stargate  
  147  12:30  Carrier (Chrono Boost)  
  147  12:34  Probe  
  147  12:35  Probe  
  147  12:36  Carrier (Chrono Boost)  
  161  12:37  Probe  
  161  12:38  Cybernetics Core  
  162  12:45  Protoss Air Weapons Level 2 (Chrono Boost)  
  162  12:48  Pylon x2  
  162  12:50  Pylon  
  162  12:52  Pylon x2  
  162  12:54  Shield Battery  
  162  12:55  Pylon  
  162  13:03  Carrier (Chrono Boost)  
  162  13:05  Disruptor  
  162  13:08  Carrier (Chrono Boost)  
  177  13:19  Photon Cannon  
  177  13:21  Photon Cannon  
  175  13:29  Carrier  
  181  13:41  Disruptor  
  181  13:47  Carrier  
  181  13:48  Zealot x2  
  182  13:58  Pylon  
  178  14:06  Phoenix x2  
  180  14:19  Robotics Facility  
  180  14:22  Twilight Council  
  176  14:26  Nexus  
  180  14:38  Carrier (Chrono Boost)  
  188  14:39  Pylon  
  188  14:45  Carrier (Chrono Boost)  
  188  14:48  Photon Cannon  
  188  14:50  Photon Cannon  
  188  14:51  Photon Cannon  
  189  14:53  Shield Battery  
  180  15:13  Nexus  
  178  15:15  Pylon  
  178  15:25  Robotics Facility  
Show
View Real Time Build Order
Export as new Build Order

maru Terran - Winner!

Build Orders: Cyclone Opening 

Get SALT Encoding   

  12  0:00  SCV  
  14  0:14  SCV  
  14  0:17  Supply Depot  
  14  0:26  SCV  
  15  0:38  SCV  
  15  0:40  Barracks  
  16  0:45  Refinery  
  16  0:51  SCV  
  16  0:55  Refinery  
  17  1:03  SCV  
  18  1:15  SCV  
  19  1:27  Reaper, Orbital Command  
  20  1:37  Supply Depot  
  20  1:47  Factory  
  20  1:52  Bunker  
  20  1:55  SCV  
  20  1:59  Reaper  
  22  2:07  SCV  
  23  2:19  SCV  
  24  2:31  Marine, SCV  
  24  2:33  Factory Tech Lab  
  26  2:47  Command Center  
  27  2:52  Cyclone  
  27  2:56  Supply Depot  
  29  3:00  SCV  
  30  3:12  SCV, Starport  
  31  3:24  SCV, Siege Tank  
  35  3:37  Barracks  
  35  3:38  SCV  
  36  3:58  SCV  
  35  4:09  Starport Tech Lab  
  38  4:10  SCV  
  38  4:14  Orbital Command  
  39  4:19  Barracks Reactor  
  39  4:24  SCV  
  40  4:25  Refinery  
  40  4:26  Barracks Tech Lab  
  40  4:31  Raven  
  37  4:36  SCV  
  37  4:37  Barracks  
  40  4:41  Bunker, SCV  
  40  4:43  Engineering Bay  
  41  4:45  Marine  
  41  4:47  Stimpack  
  41  4:48  SCV  
  42  4:53  SCV  
  42  4:55  Marine x2  
  45  5:00  SCV, Siege Tank  
  45  5:03  Marine  
  45  5:05  SCV  
  50  5:10  Terran Infantry Weapons Level 1  
  50  5:12  Supply Depot  
  50  5:16  Marine x2  
  50  5:19  SCV x2  
  54  5:23  Starport Reactor  
  54  5:27  Supply Depot  
  54  5:28  Supply Depot  
  54  5:32  Missile Turret  
  54  5:33  Marine, Combat Shield  
  55  5:37  Marine x2  
  55  5:39  Marine  
  55  5:41  Factory Reactor  
  55  5:42  SCV  
  59  5:44  SCV  
  59  5:49  Missile Turret  
  60  5:54  Marine, SCV  
  60  5:55  Marine  
  60  5:59  SCV  
  60  6:02  Supply Depot  
  61  6:04  Medivac  
  61  6:06  SCV, Medivac  
  66  6:12  SCV  
  66  6:14  Marauder  
  66  6:15  Marauder  
  71  6:20  Supply Depot  
  71  6:22  Marine x2  
  71  6:24  Widow Mine  
  75  6:26  Widow Mine  
  75  6:31  SCV x2  
  79  6:34  Supply Depot  
  79  6:37  Marauder  
  79  6:38  Marauder  
  83  6:40  Marine  
  83  6:41  Marine  
  83  6:44  SCV x2  
  83  6:45  Concussive Shells  
  87  6:48  Widow Mine  
  87  6:51  Medivac  
  91  6:56  SCV  
  91  6:57  Supply Depot  
  91  7:01  Marine, Marauder x2  
  96  7:02  Marine  
  96  7:06  Terran Infantry Armor Level 1  
  98  7:09  Medivac  
  98  7:13  SCV  
  98  7:14  Supply Depot, SCV  
  102  7:24  Marine x2, Marauder  
  102  7:25  Marauder  
  101  7:38  SCV  
  101  7:41  Widow Mine x2  
  101  7:42  Marine x2  
  108  7:46  Marauder x2  
  108  7:49  SCV  
  110  7:58  Command Center  
  110  8:00  Marine  
  110  8:05  Widow Mine x2  
  112  8:06  Supply Depot  
  112  8:12  Marauder x2  
  116  8:13  Medivac  
  98  8:29  Marine  
  98  8:30  SCV  
  98  8:32  Widow Mine x2  
  98  8:33  Marauder  
  90  8:36  Medivac  
  90  8:37  SCV  
  86  8:49  SCV, Barracks x2  
  86  8:52  Marine x2, Marauder  
  86  8:54  Marauder  
  86  8:55  Medivac  
  93  8:58  SCV  
  93  9:01  SCV  
  90  9:05  Medivac  
  86  9:10  Widow Mine x2  
  86  9:11  SCV, Orbital Command  
  86  9:13  SCV  
  86  9:15  Refinery  
  86  9:16  Marine x2, Marauder x2  
  94  9:23  SCV, Missile Turret  
  95  9:26  SCV  
  96  9:33  Marine  
  96  9:34  Marine  
  96  9:35  SCV  
  96  9:37  Marauder  
  96  9:38  Marauder  
  103  9:41  Widow Mine x2  
  103  9:43  SCV x2  
  103  9:46  Barracks Reactor  
  103  9:49  Command Center  
  103  9:51  SCV  
  104  9:55  SCV  
  104  9:56  SCV  
  104  9:57  Refinery  
  104  9:58  Refinery, Armory  
  106  10:01  Marine x3  
  106  10:02  Marine  
  106  10:05  Widow Mine  
  106  10:06  Widow Mine  
  114  10:14  Engineering Bay  
  114  10:15  Marine  
  114  10:16  SCV  
  114  10:19  Marine x3  
  114  10:20  Viking  
  121  10:24  SCV x2  
  121  10:27  Ghost Academy  
  123  10:30  Supply Depot  
  123  10:35  Marine x2  
  123  10:36  Marine x2  
  123  10:41  SCV x2  
  123  10:42  SCV  
  130  10:45  Supply Depot  
  130  10:46  Viking  
  132  10:50  Viking  
  132  10:51  Supply Depot  
  132  10:52  Starport  
  134  11:07  Marine  
  134  11:08  Marine, Ghost x3  
  141  11:12  SCV x2  
  141  11:14  Terran Infantry Weapons Level 2  
  141  11:15  Terran Ship Weapons Level 1  
  141  11:16  Viking  
  141  11:18  Terran Infantry Armor Level 2  
  145  11:23  Marine  
  145  11:25  Marine  
  145  11:35  Viking x3  
  145  11:36  Ghost  
  145  11:38  Supply Depot  
  145  11:39  Missile Turret  
  153  11:40  Enhanced Shockwaves  
  153  11:41  Missile Turret  
  153  11:42  SCV x2  
  153  11:45  Supply Depot  
  155  11:51  Planetary Fortress  
  155  11:57  Ghost  
  155  11:58  Marine x3  
  155  11:59  Marine x2  
  162  12:04  SCV x3  
  162  12:05  Refinery x2  
  165  12:12  Viking x2  
  169  12:15  Viking  
  169  12:16  SCV, Missile Turret  
  169  12:18  Viking  
  169  12:21  SCV x2  
  176  12:31  Command Center  
  176  12:35  Ghost x2  
  179  12:42  Viking  
  181  12:46  Marine x4, Marauder  
  181  12:48  Viking x2  
  181  12:50  Viking  
  193  13:02  Sensor Tower  
  193  13:06  Command Center  
  192  13:15  Terran Ship Weapons Level 2  
  192  13:17  Viking  
  192  13:18  Viking  
  195  13:32  Viking  
  196  13:39  Viking  
  187  13:43  Ghost x2  
  187  13:47  Viking  
  189  13:50  Starport  
  189  13:54  Viking  
  189  14:02  Viking  
  187  14:05  Ghost  
  187  14:09  Viking  
  191  14:10  Command Center  
  191  14:11  Ghost  
  193  14:17  Viking  
  193  14:24  Viking, Missile Turret x2  
  191  14:32  Viking  
  189  14:39  Viking, Orbital Command  
  189  14:41  Starport Reactor  
  189  14:45  Planetary Fortress  
  191  14:49  Sensor Tower, Ghost, Viking  
  195  14:54  Viking  
  197  15:02  Viking  
  176  15:10  Viking  
  177  15:19  Viking  
  177  15:22  Fusion Core  
  177  15:23  Planetary Fortress  
  177  15:24  Viking  
  179  15:33  SCV x3  
  179  15:34  SCV  
  183  15:37  Marine x2, Marauder x3  
  187  15:45  SCV x3  
  144  15:58  Marauder  
  144  15:59  Marauder x2  
Tags
 
Add a new tag
Caveats
  • Supply blocks, unpowered buildings, or Contaminate may cause inaccurate times.
  • Supply counts are checked every 10 seconds.